 Dungeon Crawl Stone Soup version 0.23.2-33-g5129a83184 (webtiles) character file.

Game seed: 15141110170101734449

133 MalarOregon the Slasher (level 5, -4/41 HPs)
             Began as a Merfolk Skald on Aug 8, 2019.
             Killed from afar by an orc (14 damage)
             ... with a wand of acid (4)
             ... on level 3 of the Dungeon.
             The game lasted 00:03:14 (3140 turns).

MalarOregon the Slasher (Merfolk Skald)             Turns: 3140, Time: 00:03:15

Health: -4/41      AC:  1    Str: 13    XL:     5   Next: 16%
Magic:  8/8        EV: 12    Int: 12    God:
Gold:   81         SH:  0    Dex: 13    Spells: 7/8 levels left

rFire    . . .     SeeInvis .   a - +0 falchion
rCold    . . .     Gourm    .   (no shield)
rNeg     . . .     Faith    .   f - +0 ring mail
rPois    .         Spirit   .   (no helmet)
rElec    .         Reflect  .   (no cloak)
rCorr    .         Harm     .   (no gloves)
MR       .....                  (no boots)
Stlth    +.........             (no amulet)
HPRegen  0.13/turn              (no ring)
MPRegen  0.11/turn              (no ring)

@: corroded
A: change form in water, swift swim, stealthy swim
a: no special abilities


You were on level 3 of the Dungeon.
You were not hungry.

You visited 1 branch of the dungeon, and saw 3 of its levels.

You collected 81 gold pieces.

Inventory:

Hand Weapons
 a - a +0 falchion (weapon)
Missiles
 g - 3 javelins (quivered)
Armour
 f - a +0 ring mail (worn)
   (You found it on level 1 of the Dungeon)
Scrolls
 c - 2 scrolls of identify {unknown}
 d - 2 scrolls of blinking {unknown}
 m - a scroll of remove curse {unknown}
Potions
 b - 2 potions of curing {unknown}
 h - 2 potions of lignification {unknown}
 i - a potion of might {unknown}
 j - 2 potions of magic {unknown}
 k - a potion of heal wounds {unknown}
Comestibles
 e - 3 rations {!d}
 l - 3 chunks of flesh


   Skills:
 + Level 3.3 Fighting
 * Level 4.3 Long Blades
 - Level 0.6 Armour
 + Level 4.1 Dodging
 - Level 2.0 Spellcasting
 - Level 3.2 Charms


You had 7 spell levels left.
You knew the following spells:

 Your Spells              Type           Power        Failure   Level  Hunger
a - Infusion              Chrm           #...         16%         1    ##.....

Your spell library contained the following spells:

 Spells                   Type           Power        Failure   Level  Hunger
 Song of Slaying          Chrm           #.......     22%         2    ###....
 Shroud of Golubria       Chrm/Tloc      #.........   41%         2    ###....
 Regeneration             Chrm/Necr      #.........   65%         3    ####...
 Spectral Weapon          Hex/Chrm       #.......     65%         3    ####...


Dungeon Overview and Level Annotations

Branches:
Dungeon (3/15)

Altars:
Ru
Uskayaw


Message History

There is a stone staircase leading up here.
A rat is nearby!
You barely miss the rat. The rat bites you but does no damage.
You barely miss the rat. The rat closely misses you.
You hit the rat.
You kill the rat!
No target in view!
There is a stone staircase leading down here.
A frilled lizard comes into view.
The frilled lizard hisses angrily.
A frilled lizard is nearby!
A frilled lizard is nearby!
You hit the frilled lizard.
You kill the frilled lizard!
No target in view!
No target in view!
Found 12 stones.
No target in view!
You see here 12 stones.
An orc comes into view.
It is wielding a +0 dagger and carrying a wand of acid (7).
The orc shouts!
The orc throws a stone.
The stone barely misses you.
You see here a stone.
The orc throws a stone.
The stone closely misses you.
Found a sapphire potion.
A rat comes into view.
The orc throws a stone.
The stone hits you but does no damage.
A hobgoblin comes into view.
Found a ration.
You see here a stone.
The orc zaps a wand.
The bolt of acid misses you. The hobgoblin closely misses you.
The orc zaps a wand.
The bolt of acid hits you!! The acid corrodes you!
You are splashed with acid!
* * * LOW HITPOINT WARNING * * *
Unknown command.
You hit the orc. The hobgoblin misses you.
The orc zaps a wand.
The bolt of acid misses you. The hobgoblin closely misses you.
You hit the orc. The orc hits you with a +0 dagger.
* * * LOW HITPOINT WARNING * * *
The hobgoblin closely misses you.
You riposte.
You hit the hobgoblin.
You kill the hobgoblin!
You barely miss the orc. The orc completely misses you.
You riposte.
You barely miss the orc. You hit the orc.
The orc zaps a wand.
The bolt of acid hits you!
You die...

#..#.##.#..###..
#..#.##.##..
#..#.##.#
#..#.##.#
#..#....##### #
###..(........#.#
#...............#
#.###..(.......#
#........r@†..#
#.......###o...#
#!....... ..#.#
.. #.........
...... ...
#............##.
. ...
#......r..#... .⌠
...
#.#....%..#.#.. .
.. #..... .##. #.
# #...#


You could see an orc and a rat.

Vanquished Creatures
  3 gnolls (D:2)
  3 adders (D:2)
  9 dart slugs
  2 leopard geckos (D:1)
  A ball python (D:1)
  4 bats
  A giant cockroach (D:1)
  8 goblins
  7 hobgoblins
  2 jackals (D:1)
  7 frilled lizards
  9 kobolds
  6 rats
62 creatures vanquished.

Notes
Turn   | Place    | Note
-------+----------+-------------------------------------------
     0 | D:1      | MalarOregon the Merfolk Skald began the quest for the Orb.
     0 | D:1      | Reached XP level 1. HP: 16/16 MP: 3/3
   267 | D:1      | Reached XP level 2. HP: 23/23 MP: 5/5
  1036 | D:1      | Reached XP level 3. HP: 15/28 MP: 6/6
  1892 | D:2      | Reached XP level 4. HP: 19/34 MP: 7/7
  2511 | D:2      | Found a sacrificial altar of Ru.
  2511 | D:2      | Found a hide-covered altar of Uskayaw.
  2576 | D:2      | You fall through a shaft!
  2784 | D:2      | Reached XP level 5. HP: 25/41 MP: 8/8
  3140 | D:3      | Killed from afar by an orc

Skill      XL: |  1  2  3  4 |
---------------+-------------+-----
Dodging        | 3 4 |  4.1
Long Blades    | 3 4 |  4.3
Fighting       | 3 |  3.3
Armour         | |  0.6
Spellcasting   | |  2.0
Charms         | |  3.2

Action                   |  1- 3 |  4- 6 || total
-------------------------+-------+-------++-------
Melee: Falchion          |   135 |    90 ||   225
       Tailslap          |     2 |     3 ||     5
  Eat: Chunk             |     3 |     4 ||     7
Armor: Leather armour    |    15 |       ||    15
       Ring mail         |    20 |    20 ||    40
Dodge: Dodged            |    90 |    60 ||   150
       Rpst.: Falchion   |    33 |    18 ||    51
